 Dungeon Crawl Stone Soup version 0.32-a0-612-g1c984fe9d1 (webtiles) character file.

Game seed: 4445503356355481587

118348 jasper the Warrior (level 16, 0/136 HPs)
             Began as a Demonspawn Cinder Acolyte on Mar 4, 2024.
             Was a High Priest of Jiyva.
             Slain by a naga warrior
             ... wielding a +1 long sword of holy wrath
              (10 damage)
             ... on level 3 of the Snake Pit.
             The game lasted 01:04:55 (31135 turns).

jasper the Warrior (Demonspawn Cinder Acolyte)     Turns: 31135, Time: 01:04:55

Health: 0/136      AC: 13    Str: 22    XL:     16   Next: 25%
Magic:  22/26      EV:  2    Int: 31    God:    Jiyva [*****.]
Gold:   349        SH:  4    Dex:  5    Spells: 4/29 levels left

rFire   + . .        w - staff of fire
rCold   . . .        J - +0 buckler
rNeg    . . .        n - +0 troll leather armour
rPois   +            R - +0 helmet
rElec   +            V - +2 cloak
rCorr   +            e - +2 pair of gloves
SInv    .            (boots unavailable)
Will    +....        E - amulet of magic regeneration
Stlth   +            P - +6 ring of intelligence
HPRegen 2.66/turn    O - ring of the Heavens {*Slow rElec rPois rCorr}
MPRegen 1.52/turn

%: slow self (1%)
@: lethally poisoned (0 -> 0), wreathed by umbra, constricted
A: hooves 3, thin metallic scales 2, augmentation 1, magic regeneration, foul
shadow 3, clever 1, sense surroundings 3, strong 2, engulf
a: Renounce Religion, Oozemancy, Slimify


You were on level 3 of the Snake Pit.
You worshipped Jiyva.
Jiyva was extremely pleased with you.
You visited 4 branches of the dungeon, and saw 25 of its levels.

You collected 2419 gold pieces.
You spent 2070 gold pieces at shops.

Inventory:

Hand Weapons
 Y - a +0 demon trident of draining
Missiles
 h - 17 boomerangs
 o - 2 throwing nets
 x - 3 silver javelins
 D - 2 javelins
Armour
 e - a +2 pair of gloves (worn)
 f - the +2 robe of the Camelopard {rElec rC++ Will- Dex+3}
   (You found it on level 4 of the Dungeon)

   Dex+3:     It affects your dexterity (+3).
   rC++:      It greatly protects you from cold.
   rElec:     It insulates you from electricity.
   Will-:     It decreases your willpower.
 l - the +0 cloak "Lalon" {rPois rCorr}
   (You found it on level 15 of the Dungeon)

   rPois:     It protects you from poison.
   rCorr:     It protects you from acid and corrosion.
 n - a +0 troll leather armour (worn)
 v - a +2 robe of willpower
 J - a +0 buckler (worn)
 K - +0 steam dragon scales
 R - a +0 helmet (worn)
 V - a +2 cloak (worn)
Magical Staves
 k - a staff of air
 w - a staff of fire (weapon)
 y - a staff of earth
Jewellery
 E - an amulet of magic regeneration (around neck)
 O - the ring of the Heavens (right hand) {*Slow rElec rPois rCorr}
   (You acquired it on level 3 of the Lair of Beasts)

   [ring of resist corrosion]

   rElec:     It insulates you from electricity.
   rPois:     It protects you from poison.
   rCorr:     It protects you from acid and corrosion.
   *Slow:     It may slow you when you take damage.
 P - a +6 ring of intelligence (left hand)
Wands
 G - a wand of paralysis (11)
 H - a wand of mindburst (6)
 U - a wand of iceblast (7)
Scrolls
 a - a scroll of immolation
 q - a scroll of fog
 B - 8 scrolls of teleportation
 L - a scroll of poison
 M - 2 scrolls of revelation
 Q - 4 scrolls of enchant weapon
 T - a scroll of summoning
Potions
 c - 4 potions of brilliance
 d - 2 potions of cancellation
 g - 2 potions of degeneration
 i - 6 potions of haste
 j - 8 potions of curing
 m - 5 potions of attraction
 p - a potion of magic
 r - 9 potions of lignification
 s - 2 potions of resistance
 t - a potion of invisibility
 A - 6 potions of mutation
 C - 4 potions of ambrosia
 I - a potion of berserk rage
 W - 2 potions of enlightenment
 X - 2 potions of might


   Skills:
 - Level 15.0 Fighting
 - Level 2.6 Short Blades
 + Level 9.4 Staves
 - Level 10.0 Dodging
 - Level 5.0 Shields
 - Level 7.0 Spellcasting
 - Level 12.0 Conjurations
 - Level 8.3 Fire Magic
 - Level 7.0 Ice Magic
 - Level 7.0 Air Magic
 - Level 3.0 Earth Magic
 - Level 7.2 Alchemy


You had 4 spell levels left.
You knew the following spells:

 Your Spells              Type           Power      Damage    Failure   Level
a - Fireball              Conj/Fire      42%        3d17      2%          5
b - Freezing Cloud        Conj/Ice/Air   29%        6-21      4%          5
c - Flame Wave            Conj/Fire      84%        2d18      1%          4
d - Olgreb's Toxic Radia  Alch           54%        N/A       3%          4
e - Ignite Poison         Fire/Alch      73%        N/A       2%          4
f - Stone Arrow           Conj/Erth      100%       3d13      1%          3

Your spell library contained the following spells:

 Spells                   Type           Power      Damage    Failure   Level
 Sandblast                Erth           58%        2d13      1%          1
 Cigotuvi's Dreadful Rot  Necr/Alch/Air  80%        N/A       1%          2
 Scorch                   Fire           100%       2d9       1%          2
 Ozocubu's Armour         Ice            53%        N/A       1%          3
 Ensorcelled Hibernation  Hex/Ice        64%        N/A       2%          2
 Brom's Barrelling Bould  Conj/Erth      55%        2d7       2%          4
 Passwall                 Erth           29%        N/A       5%          3
 Leda's Liquefaction      Alch/Erth      21%        N/A       8%          4
 Petrify                  Alch/Erth      42%        N/A       8%          4
 Lesser Beckoning         Tloc           20%        N/A       10%         2
 Summon Lightning Spire   Summ/Air       32%        N/A       14%         4
 Vhi's Electric Charge    Tloc/Air       64%        N/A       14%         4
 Fugue of the Fallen      Necr           10%        N/A       19%         3
 Gell's Gravitas          Tloc           10%        N/A       19%         3
 Teleport Other           Tloc           10%        N/A       19%         3
 Animate Armour           Summ/Erth      40%        N/A       32%         4
 Anguish                  Hex/Necr       5%         N/A       52%         4
 Cause Fear               Hex            5%         N/A       52%         4
 Dispel Undead            Necr           10%        3d9       52%         4
 Martyr's Knell           Necr/Summ      10%        N/A       52%         4
 Arcjolt                  Conj/Air       31%        1d41      3%          5
 Alistair's Intoxication  Alch           36%        N/A       9%          5
 Metabolic Englaciation   Hex/Ice        16%        N/A       38%         5
 Lee's Rapid Deconstruct  Erth           14%        3d9*      45%         5
 Sculpt Simulacrum        Ice/Alch       26%        N/A       45%         6
 Summon Forest            Summ/Tloc      5%         N/A       86%         5
 Summon Mana Viper        Hex/Summ       10%        N/A       86%         5
 Death Channel            Necr           5%         N/A       100%        6
 Summon Cactus Giant      Summ           5%         N/A       100%        6
 Maxwell's Capacitive Co  Air            26%        ∞         100%        8
 Dragon's Call            Summ           5%         N/A       100%        9


Dungeon Overview and Level Annotations

Branches:
Dungeon (15/15)            Temple (0/1) D:4            Lair (5/5) D:10
 Shoals (0/4) Lair:3        Snake (3/4) Lair:2        Slime (0/5) Lair:4
    Orc (2/2) D:12            Elf (0/3) Orc:2        Vaults (0/5) D:13
 Depths (0/4) D:15

Altars:
Cheibriados
Dithmenos
Gozag
Okawaru
Qazlal
Ru
Sif Muna
Uskayaw
Vehumet
Wu Jian
Xom
Yredelemnul
Beogh
Jiyva

Shops:
D:4 =   D:8 [   D:9 !   Orc:2 (:::(   Snake:1 =:*

Annotations:
Snake:3 Vashnia


Innate Abilities, Weirdness & Mutations

You have hooves in place of feet.
You are mostly covered in thin metallic scales. (AC +3)
Your magical and physical power is slightly enhanced at high health.
You regenerate magic rapidly.
You are darkly shadowed, frequently releasing foul flame when damaged in melee.
Your mind is acute. (Int +4, Str/Dex -1)
You passively map a large area around you.
Your muscles are very strong. (Str +8, Int/Dex -2)
Your melee attacks may engulf your foes in ooze.


Message History

The stone arrow hits the guardian serpent!!
You kill the guardian serpent!
You feel sick.
The naga warrior hits you with a +1 long sword of holy wrath!
You convulse.
* * * LOW HITPOINT WARNING * * *
The naga warrior is seared by the foul flame within you.
The naga warrior is moderately wounded.
The naga warrior grabs you. The naga warrior constricts you.
* * * LOW HITPOINT WARNING * * *
You take 16 damage, and have 34/136 hp.
You now have 24/26 mp.
Okay, then.
Okay, then.
Casting: Stone Arrow (safe; 1% risk of failure)
Confirm with . or Enter, or press ? or * to list all spells.
Casting: Flame Wave (mildly dangerous; 1% risk of failure)
Press: ? - help, Dir - look around, f - activate You feel a surge of power!
A wave of flame ripples out!
The flame wave engulfs the naga warrior!!
The naga warrior is severely wounded. (Press . to intensify the flame waves.)
You feel sick.
You hear a shout!
The naga warrior hits you with a +1 long sword of holy wrath.
* * * LOW HITPOINT WARNING * * *
You convulse!
* * * LOW HITPOINT WARNING * * *
The naga warrior constricts you.
* * * LOW HITPOINT WARNING * * *
You take 14 damage, and have 20/136 hp.
You now have 22/26 mp.
A wave of flame ripples out!
The flame wave engulfs the naga warrior!
The naga warrior is almost dead.
You hear a sizzling sound!
You feel sick.
The naga warrior hits you with a +1 long sword of holy wrath!
* * * LOW HITPOINT WARNING * * *
You convulse!
You die...
Jiyva sends a jelly to digest your remains.

* * #.., , * , ###.. ,, ,*
#...., ##### #. ######...#
#...# ...* N....# ..#
##...##)..# #.###.######
####.........# #
#.....##§§§###N....<.##.###
#.##.......§§.>@..#.......#
#..#....##§☼§###)##...###.#
##.^#..########.......#...#
........# #...#......###.#.##
..#.....###...#........#....#
.*#..............).......####
, #.....#######.##.....###
........# ###.##...#.#
...........##...######.#


You could see a naga warrior (curare, catching breath).

Vanquished Creatures
  Saint Roka (Snake:2)
  Jorgrun (Lair:2)
  Aizul (Snake:2)
  A nagaraja (Snake:2)
  A fire giant (D:15)
  Louise (Snake:3)
  2 orc warlords (Orc:2)
  6 hydras
  3 ogre magi
  2 vault guards (D:13)
  3 centaur warriors
  A catoblepas (D:13)
  6 anacondas
  A merfolk avatar (Lair:5)
  2 boulder beetles (Lair:4)
  10 two-headed ogres
  10 death yaks
  4 naga warriors
  2 shock serpents (Snake:1)
  2 naga sharpshooters
  3 sea snakes
  A skyshark (Lair:5)
  2 arcanists (D:10)
  2 deep trolls (Orc:2)
  7 mana vipers
  7 naga ritualists
  6 orc knights
  2 harpies (Lair:5)
  4 deep elf pyromancers
  2 orc sorcerers
  7 ugly things
  2 cyclopes (Orc:2)
  2 manticores (Lair:5)
  4 salamanders
  3 meliai (D:15)
  A water nymph (Lair:3)
  8 elephants
  2 guardian serpents
  9 naga magi
  27 black mambas
  2 torpor snails
  2 gargoyles
  2 rime drakes (Lair:5)
  10 cane toads
  9 komodo dragons
  A yaktaur (D:13)
  2 harpy zombies (D:13)
  A hydra zombie (D:13)
  3 red devils (D:11)
  15 trolls
  3 polar bears
  2 hornets (Lair:5)
  2 blink frogs (Lair:5)
  2 meliai zombies (D:13)
  6 dream sheep (Lair:5)
  3 centaur simulacra (D:13)
  2 slime creatures (Lair:4)
  A water elemental (D:13)
  A vampire (D:10)
  2 wyverns
  3 shadows
  2 humans (D:13)
  5 basilisks
  36 yaks
  16 fire elementals
  2 steam dragons
  4 wargs
  11 vampire mosquitoes
  2 acid dragons
  18 nagas
  15 water moccasins
  35 orc warriors
  4 ice beasts
  An elephant zombie (D:13)
  A sky beast (D:6)
  3 black bears
  4 laughing skulls
  24 ogres
  21 wolves
  6 centaurs
  2 phantoms
  12 bullfrogs
  A kobold brigand (D:5)
  2 gnoll sergeants
  3 scorpions
  9 wights
  A spriggan zombie (D:13)
  5 killer bees (D:10)
  5 howler monkeys
  2 bombardier beetles
  2 hounds
  4 jellies
  6 centaur zombies (D:13)
  15 orc priests
  3 iguanas
  18 orc wizards
  13 hell rats
  2 killer bee zombies (D:13)
  23 gnolls
  12 adders
  3 river rats (Lair:3)
  10 white imps
  2 ufetubi (D:13)
  5 dart slugs
  A ribbon worm (D:2)
  62 orcs
  9 ball pythons
  7 endoplasms
  6 giant cockroaches
  5 goblins
  10 hobgoblins
  5 quokkas
  6 bats
  3 frilled lizards
  29 kobolds
  11 rats
759 creatures vanquished.

Vanquished Creatures (collateral kills)
  A sky beast (D:7)
  A gnoll sergeant (D:7)
2 creatures vanquished.

Vanquished Creatures (others)
  A vault guard (D:13)
  A cyclops (D:13)
  5 slime creatures
  A yak (D:13)
  2 humans (D:13)
  42 jellies
  An orc (Snake:2)
53 creatures vanquished.

Grand Total: 814 creatures vanquished

Notes
Turn   | Place    | Note
-------+----------+-------------------------------------------
     0 | D:1      | jasper the Demonspawn Cinder Acolyte began the quest for
                  | the Orb.
     0 | D:1      | Reached XP level 1. HP: 18/18 MP: 2/2
   148 | D:1      | Gained mutation: You are partially covered in thin metallic
                  | scales. (AC +2) [demonic ancestry]
   148 | D:1      | Reached XP level 2. HP: 17/24 MP: 2/4
   151 | D:1      | Learned a level 2 spell: Scorch
   730 | D:2      | Found a faded altar of an unknown god.
   851 | D:2      | Gained mutation: You are faintly shadowed, very rarely
                  | releasing foul flame when damaged in melee. [demonic
                  | ancestry]
   851 | D:2      | Reached XP level 3. HP: 23/29 MP: 1/6
  1483 | D:2      | Found a stormy altar of Qazlal.
  1942 | D:3      | Gained mutation: You are shadowed, sometimes releasing foul
                  | flame when damaged in melee. [demonic ancestry]
  1942 | D:3      | Reached XP level 4. HP: 33/35 MP: 1/7
  2124 | D:3      | Found a shimmering altar of Xom.
  2124 | D:3      | Found a basalt altar of Yredelemnul.
  2169 | D:3      | Gained mutation: You are mostly covered in thin metallic
                  | scales. (AC +3) [demonic ancestry]
  2169 | D:3      | Reached XP level 5. HP: 40/41 MP: 2/9
  3043 | D:4      | Identified the +2 robe of the Camelopard {rElec rC++ Will-
                  | Dex+3}
  3278 | D:4      | Found Fuosu's Jewellery Shoppe.
  3283 | D:4      | Reached skill level 1 in Dodging
  3401 | D:4      | Gained mutation: You have large cloven feet. [demonic
                  | ancestry]
  3401 | D:4      | Reached XP level 6. HP: 31/47 MP: 1/10
  3631 | D:4      | Reached skill level 5 in Fire Magic
  3962 | D:4      | Found a staircase to the Ecumenical Temple.
  4004 | D:4      | Reached skill level 4 in Fighting
  4690 | D:5      | Entered Level 5 of the Dungeon
  5172 | D:5      | Reached XP level 7. HP: 55/55 MP: 2/11
  5248 | D:5      | Found a shadowy altar of Dithmenos.
  5279 | D:5      | Reached skill level 5 in Fighting
  5812 | D:5      | Reached skill level 6 in Fighting
  6585 | D:6      | Found an ornate altar of the Wu Jian Council.
  6588 | D:6      | Gained mutation: You have hoof-like feet. [demonic
                  | ancestry]
  6588 | D:6      | Reached XP level 8. HP: 64/64 MP: 7/12
  6786 | D:6      | Reached skill level 7 in Fighting
  6997 | D:6      | Reached skill level 8 in Fighting
  7509 | D:6      | Found a shimmering blue altar of Sif Muna.
  8316 | D:7      | Reached skill level 9 in Fighting
  8467 | D:7      | Reached XP level 9. HP: 77/77 MP: 8/13
  8729 | D:6      | Reached skill level 10 in Fighting
  9124 | D:7      | Reached skill level 5 in Dodging
 10113 | D:8      | Found Mifapres's Antique Armour Boutique.
 10230 | D:4      | Bought an amulet of magic regeneration for 420 gold pieces
 10504 | D:8      | Learned a level 4 spell: Summon Lightning Spire
 10683 | D:8      | Learned a level 4 spell: Flame Wave
 10963 | D:9      | Reached skill level 1 in Conjurations
 11127 | D:9      | Noticed a troll
 11130 | D:9      | Killed a troll
 11131 | D:9      | Gained mutation: You have hooves in place of feet. [demonic
                  | ancestry]
 11131 | D:9      | Reached XP level 10. HP: 44/85 MP: 8/14
 11312 | D:9      | Found an opulent altar of Gozag.
 11552 | D:9      | Found Biteonka's Distillery.
 11555 | D:9      | Bought 2 potions of curing for 72 gold pieces
 11555 | D:9      | Bought a potion of curing for 36 gold pieces
 11618 | D:9      | Noticed a two-headed ogre
 11626 | D:9      | Killed a two-headed ogre
 11702 | D:9      | Found an iron altar of Okawaru.
 11710 | D:9      | Identified the +5 spear of the Protecting Tiger {freeze,
                  | rN+}
 12050 | D:10     | Entered Level 10 of the Dungeon
 12051 | D:10     | Found a staircase to the Lair.
 12067 | D:10     | Reached skill level 5 in Conjurations
 12295 | D:10     | Found a snail-covered altar of Cheibriados.
 12338 | D:10     | Noticed a deep elf pyromancer
 12339 | D:10     | Noticed an arcanist
 12342 | D:10     | Noticed a deep elf pyromancer
 12347 | D:10     | Noticed an arcanist
 12348 | D:10     | Killed an arcanist
 12349 | D:10     | Killed a deep elf pyromancer
 12352 | D:10     | Killed a deep elf pyromancer
 12353 | D:10     | Gained mutation: You are darkly shadowed, frequently
                  | releasing foul flame when damaged in melee. [demonic
                  | ancestry]
 12353 | D:10     | Reached XP level 11. HP: 62/90 MP: 1/15
 12358 | D:10     | Killed an arcanist
 12386 | D:10     | Got the Precepts of Plaster Cramp
 12393 | D:10     | Got the Atlas of Axaxaxas mlö
 12399 | D:10     | Learned a level 4 spell: Olgreb's Toxic Radiance
 12448 | D:10     | Got Ts'ui Pên's Folio of Forking Paths
 12512 | D:10     | Reached skill level 1 in Alchemy
 13489 | D:10     | Reached skill level 5 in Alchemy
 13522 | D:10     | Found a sacrificial altar of Ru.
 13525 | D:10     | Found a radiant altar of Vehumet.
 14596 | D:11     | Noticed a two-headed ogre
 14606 | D:11     | Killed a two-headed ogre
 15382 | Lair:1   | Entered Level 1 of the Lair of Beasts
 15439 | Lair:1   | Learned a level 4 spell: Ignite Poison
 15775 | Lair:1   | Reached skill level 1 in Shields
 16262 | Lair:2   | Reached XP level 12. HP: 71/97 MP: 5/18
 16263 | Lair:2   | Reached skill level 5 in Shields
 16473 | Lair:2   | Noticed an eight-headed hydra
 16481 | Lair:2   | Killed an eight-headed hydra
 16678 | Lair:2   | Learned a level 5 spell: Freezing Cloud
 17336 | Lair:2   | Found a staircase to the Snake Pit.
 17439 | Lair:3   | Noticed a death yak
 17441 | Lair:3   | Noticed a death yak
 17443 | Lair:3   | Noticed a death yak
 17444 | Lair:3   | Killed a death yak
 17445 | Lair:3   | Reached skill level 10 in Dodging
 17538 | Lair:3   | Reached skill level 1 in Ice Magic
 17538 | Lair:3   | Reached skill level 1 in Air Magic
 17749 | Lair:3   | Noticed a death yak
 17753 | Lair:3   | Noticed a death yak
 17757 | Lair:3   | Noticed a death yak
 17758 | Lair:3   | Killed a death yak
 17767 | Lair:3   | Killed a death yak
 17771 | Lair:3   | Killed a death yak
 17775 | Lair:3   | Killed a death yak
 17782 | Lair:3   | Killed a death yak
 18718 | Lair:3   | Identified a scroll of acquirement
 18718 | Lair:3   | Acquired the ring of the Heavens {*Slow rElec rPois rCorr}
 18742 | Lair:3   | Reached skill level 5 in Ice Magic
 18742 | Lair:3   | Reached skill level 5 in Air Magic
 18772 | Lair:3   | Found a staircase to the Shoals.
 18973 | D:4      | Bought a +6 ring of intelligence for 504 gold pieces
 19455 | Lair:4   | Noticed a boulder beetle
 19455 | Lair:4   | Found an ornate altar of the Wu Jian Council.
 19455 | Lair:4   | Found a hide-covered altar of Uskayaw.
 19471 | Lair:4   | Killed a boulder beetle
 19472 | Lair:4   | Gained mutation: You regenerate magic rapidly. [demonic
                  | ancestry]
 19472 | Lair:4   | Reached XP level 13. HP: 101/103 MP: 3/19
 19805 | Lair:4   | Found a staircase to the Slime Pits.
 19805 | Lair:4   | Found a viscous altar of Jiyva.
 20772 | Lair:5   | Entered Level 5 of the Lair of Beasts
 21626 | Lair:5   | Reached skill level 11 in Fighting
 22554 | D:12     | Reached XP level 14. HP: 113/113 MP: 17/20
 22895 | D:12     | Found a staircase to the Orcish Mines.
 22969 | D:12     | Reached skill level 10 in Conjurations
 23294 | Orc:1    | Entered Level 1 of the Orcish Mines
 23325 | Orc:1    | Found a roughly hewn altar of Beogh.
 24073 | Orc:2    | Entered Level 2 of the Orcish Mines
 24160 | Orc:2    | Noticed an orc warlord
 24213 | Orc:2    | Killed an orc warlord
 24214 | Orc:2    | Reached skill level 12 in Fighting
 24260 | Orc:2    | Found Zoan's Antique Weapon Emporium.
 24333 | Orc:2    | Found a staircase to the Elven Halls.
 24397 | Orc:2    | Noticed an orc warlord
 24407 | Orc:2    | Killed an orc warlord
 24990 | Orc:2    | Reached skill level 13 in Fighting
 25048 | Orc:2    | Found Ogorr's Book Shoppe.
 25115 | Orc:2    | Found Xuluddil's Antique Weapon Emporium.
 25163 | Orc:2    | Found Wenaedop's Book Boutique.
 25167 | Orc:2    | Found Zaipn's Book Shoppe.
 25172 | Orc:2    | Bought a book of Geomancy for 450 gold pieces
 25195 | Orc:2    | Learned a level 3 spell: Stone Arrow
 25195 | Orc:2    | Bought a book of the Dragon for 588 gold pieces
 25394 | Lair:4   | Fell from the grace of Ignis
 25394 | Lair:4   | Became a worshipper of Jiyva Jerevagh the Shapeless
 25745 | D:13     | HP: 2/118 [gargoyle/+0 flail (22)]
 25746 | D:13     | Reached skill level 1 in Earth Magic
 25870 | D:13     | Found a basalt altar of Yredelemnul.
 25925 | D:13     | Reached * piety under Jiyva
 26074 | D:13     | Reached skill level 5 in Spellcasting
 26217 | D:13     | Reached XP level 15. HP: 119/124 MP: 11/22
 26471 | D:13     | Reached ** piety under Jiyva
 26607 | D:13     | Found a gate to the Vaults.
 26733 | D:14     | You fall into a shaft and drop 1 floor!
 26733 | D:15     | Entered Level 15 of the Dungeon
 26834 | D:14     | Learned a level 5 spell: Fireball
 27135 | D:14     | Reached *** piety under Jiyva
 27355 | D:15     | Reached skill level 14 in Fighting
 27400 | D:15     | Gained mutation: Your muscles are strong. (Str +4, Int/Dex
                  | -1) [Jiyva's grace]
 27400 | D:15     | Gained mutation: Your muscles are very strong. (Str +8,
                  | Int/Dex -2) [Jiyva's grace]
 27400 | D:15     | Gained mutation: Your mind is acute. (Int +4, Str/Dex -1)
                  | [Jiyva's grace]
 27400 | D:15     | Gained mutation: Your mind is very acute. (Int +8, Str/Dex
                  | -2) [Jiyva's grace]
 27435 | D:15     | Found a staircase to the Depths.
 27435 | D:15     | Noticed a fire giant
 27442 | D:15     | Killed a fire giant
 27705 | D:15     | Reached **** piety under Jiyva
 28090 | D:15     | Identified the +0 cloak "Lalon" {rPois rCorr}
 28422 | Snake:1  | Entered Level 1 of the Snake Pit
 28429 | Snake:1  | Noticed Jorgrun
 28444 | Lair:2   | HP: 6/120 [constriction (4)]
 28445 | Lair:2   | Killed Jorgrun
 28940 | Snake:1  | Reached skill level 15 in Fighting
 29007 | Snake:1  | Reached skill level 1 in Staves
 29427 | Snake:1  | Found Joehoeka's Jewellery Shop.
 29427 | Snake:1  | Found Imior's Book Boutique.
 29431 | Snake:1  | Found Herru's General Store.
 29457 | Snake:1  | Reached skill level 5 in Staves
 29648 | Snake:1  | Lost mutation: Your mind is very acute. (Int +8, Str/Dex
                  | -2) [Jiyva's grace]
 29648 | Snake:1  | Gained mutation: Your melee attacks may engulf your foes in
                  | ooze. [Jiyva's grace]
 29648 | Snake:1  | Gained mutation: You passively map a small area around you.
                  | [Jiyva's grace]
 29648 | Snake:1  | Gained mutation: You passively map the area around you.
                  | [Jiyva's grace]
 29648 | Snake:1  | Gained mutation: You passively map a large area around you.
                  | [Jiyva's grace]
 29661 | Snake:1  | Reached ***** piety under Jiyva
 30007 | Snake:1  | Was forgiven by Ignis
 30182 | Snake:2  | Noticed a nagaraja
 30188 | Snake:2  | Killed a nagaraja
 30209 | Snake:2  | Identified the +0 ring mail "Teexois" {rElec Str+4}
 30294 | Snake:2  | Identified the serpent talisman of the Onion {Str+3}
 30294 | Snake:2  | Noticed Aizul
 30331 | Snake:2  | Killed Aizul
 30344 | Snake:2  | Gained mutation: Your magical and physical power is
                  | slightly enhanced at high health. [demonic ancestry]
 30344 | Snake:2  | Reached XP level 16. HP: 49/136 MP: 12/26
 30385 | Snake:2  | Noticed Saint Roka
 30397 | Snake:2  | Killed Saint Roka
 30926 | Snake:3  | Noticed Vashnia
 31054 | Snake:3  | Noticed Louise
 31076 | Snake:3  | Killed Louise
 31135 | Snake:3  | Slain by a naga warrior

Illustrated notes

Levels and vault maps discovered:
D:1:      nzn_arrival_water_spiral, layout_rooms
D:2:      layout_loops_ring, basic_altar,
          shapermc_ecumenical_altar_starsandcircs
D:3:      minmay_chambers_of_threes, layout_rooms,
          gammafunk_temple_overflow_elements, minmay_misc_feat_columns
D:4:      layout_loops_corners, lemuel_temple_firewalk_b, serial_shops,
          nicolae_shop_gaudy_bauble, serial_forest,
          infiniplex_forest_lined_corner, infiniplex_forest_lined_3,
          infiniplex_forest_straight_3, infiniplex_forest_join,
          infiniplex_forest_straight_5, infiniplex_forest_3_way,
          infiniplex_forest_split, infiniplex_forest_lined_3
D:5:      kennysheep_kobold_camp, layout_basic, lemuel_tele_altar, serial_glass,
          glass_columns_a, glass_columns_c, chequers_serial_rivers_marsh
D:6:      layout_loops_corners, nicolae_sif_muna_condensation,
          lemuel_round_altar
D:7:      layout_layer_cave, grunt_decor_resistance, serial_bayou_crossing
D:8:      layout_rooms, serial_shops, shop_coins, bh_walls_and_bars
D:9:      layout_basic, grunt_gozag_statues, okawaru_ov_weapons_minmay,
          serial_shops, kennysheep_mini_moat
D:10:     layout_roguey, jmf_multi_god_temple2, nicolae_overflow_hidden_temple,
          due_lair_maze_entry_diamond, bh_hangedman_babel_library
D:11:     layout_layer_cave, einodemon_armed_red_devil_minivault
D:12:     layout_roguey, orc_0_dummy
D:13:     layout_irregular_city, grunt_vaults_entry_fortified, serial_ice,
          serial_ice_l, serial_ice_f, serial_ice_b, serial_ice_m, serial_ice_e,
          serial_ice_h, serial_ice_d, serial_ice_o, serial_ice_c, serial_ice_n,
          portal_ice_cave_entry_pillars_1, grunt_decor_one_mirror,
          roadster_capsule_ark_zombie
D:14:     layout_rooms, serial_park_square3 [serial_park_minivault_5x5_2],
          serial_rivers, chequers_serial_rivers_room_b,
          chequers_serial_rivers_micro_e, chequers_serial_rivers_small_3,
          chequers_serial_rivers_large_a, chequers_serial_rivers_small_a,
          chequers_serial_rivers_small_3
D:15:     grunt_enter_depths_giant_problem, layout_irregular_city,
          nicolae_wwwww, serial_co_window_serial, co_window_paths_b,
          co_window_of_opportunity_a, co_window_corner_a, co_window_corner_a,
          co_window_of_opportunity_a, co_window_broadway_a, co_window_2corner,
          co_window_corner_cb, co_window_corner_b, co_window_unsneaky_path_d,
          co_window_of_opportunity_c, glass_columns_a, glass_columns_b,
          glass_columns_a, glass_columns_b, glass_columns_c
Lair:1:   hellmonk_ruined_rings, layout_cave_pods
Lair:2:   layout_regular_city, nicolae_snake_entry_squirm
Lair:3:   layout_regular_city, nicolae_shoals_entry_flooding,
          kennysheep_abandoned_house
Lair:4:   layout_regular_city, minmay_slime_entry_pillars,
          nzn_masters_of_martial_movement, grunt_megastairs_3
Lair:5:   gammafunk_lair_ancient_temple, layout_loops_ring,
          grunt_forest_small_clearing_treed
Snake:1:  layout_onion_interference, grunt_megastairs_1, lemuel_fruit_tree,
          minmay_shop_star, serial_bayou_shore_b, uniq_jorgrun
Snake:2:  layout_gridlike, uniq_aizul, uniq_saint_roka
Snake:3:  layout_misc_corridors, serial_shops, shop,
          nicolae_shop_industrial_runoff, serial_bayou_shore_a, uniq_louise,
          uniq_vashnia
Orc:1:    layout_diamond_mine, special_room [special_room_orc], basic_altar
Orc:2:    st_orc_open, layout_diamond_mine, serial_shops, shop

Skill      XL: |  1  2  3  4  5  6  7  8  9 10 11 12 13 14 15 16 |
---------------+-------------------------------------------------+-----
Fire Magic     | 3 4 5 8 |  8.3
Spellcasting   | 2 3 4 5 7 |  7.0
Dodging        | 1 3 4 8 10 | 10.0
Fighting       | 4 6 9 10 11 13 15 | 15.0
Conjurations   | 2 6 7 9 12 | 12.0
Alchemy        | 7 |  7.2
Shields        | 4 5 |  5.0
Ice Magic      | 5 7 |  7.0
Air Magic      | 5 7 |  7.0
Earth Magic    | 2 3 |  3.0
Staves         | 7 9 |  9.4
Short Blades   | |  2.6

Action                     |  1- 3 |  4- 6 |  7- 9 | 10-12 | 13-15 | 16-18 || total
---------------------------+-------+-------+-------+-------+-------+-------++-------
  Melee: Short sword       |    97 |    66 |    14 |       |       |       ||   177
         Kick              |       |     4 |    24 |     7 |    33 |     5 ||    73
         Staff             |       |       |   101 |    29 |    73 |    10 ||   213
   Cast: Scorch            |    33 |    81 |   156 |   139 |    83 |       ||   492
         Flame Wave        |       |       |       |    42 |    32 |     1 ||    75
         Olgreb's Toxic Ra |       |       |       |    19 |   153 |     6 ||   178
         Ignite Poison     |       |       |       |    13 |   151 |     5 ||   169
         Freezing Cloud    |       |       |       |       |    66 |    17 ||    83
         Stone Arrow       |       |       |       |       |   191 |    24 ||   215
         Fireball          |       |       |       |       |    19 |     6 ||    25
 Invoke: Fiery Armour      |     1 |     2 |     2 |     3 |     2 |       ||    10
  Evoke: Wand              |       |       |       |    12 |     5 |       ||    17
    Use: Scroll            |     3 |     3 |     9 |     9 |    11 |     1 ||    36
         Potion            |       |       |       |     1 |     9 |     1 ||    11
   Stab: Paralysed         |       |       |       |       |     3 |       ||     3
 Armour: Robe              |    54 |    32 |   146 |    10 |       |       ||   242
         Steam dragon scal |       |       |       |   172 |    97 |       ||   269
         Troll leather arm |       |       |       |       |   216 |    38 ||   254
  Dodge: Dodged            |    61 |    56 |   144 |   152 |   197 |    18 ||   628
  Block: Buckler           |       |       |       |    10 |    50 |     6 ||    66

Table legend: (Time is in decaauts)
 A = Elapsed time spent in this place.
 B = Non-inter-level travel time spent in this place.
 C = Inter-level travel time spent in this place.
 D = Time resting spent in this place.
 E = Time spent auto-exploring this place.
 F = Levels seen in this place.
 G = Mean time per level.
                   A        B        C        D        E       F      G
               +--------+--------+--------+--------+--------+-----+--------+
         Total |  31278 |  29361 |   1917 |   3221 |  21807 |  25 | 1251.1 |
       Dungeon |  19433 |  18300 |   1133 |   1699 |  14355 |  15 | 1295.5 |
          Lair |   7126 |   6566 |    560 |    859 |   4815 |   5 | 1425.2 |
     Snake Pit |   2661 |   2542 |    119 |    400 |   1525 |   3 |  887.0 |
  Orcish Mines |   2057 |   1953 |    104 |    263 |   1112 |   2 | 1028.5 |
               +--------+--------+--------+--------+--------+-----+--------+

Top non-repeatable levels by time:
     D:5: 2067 daAuts
     D:4: 1919 daAuts
    D:11: 1899 daAuts
     D:7: 1755 daAuts
     D:6: 1738 daAuts
  Lair:5: 1580 daAuts
  Lair:3: 1563 daAuts
 Snake:1: 1549 daAuts
  Lair:2: 1522 daAuts
  Lair:4: 1479 daAuts
    D:10: 1425 daAuts
     D:9: 1345 daAuts
     D:3: 1219 daAuts
   Orc:2: 1190 daAuts
    D:13: 1110 daAuts
